 Dungeon Crawl Stone Soup version 0.29.1-15-g9cfb28693d (webtiles) character file.

Game seed: 7171131998519789364

662 fleeber the Slasher (level 7, -3/55 HPs)
             Began as a Merfolk Gladiator on Feb 24, 2023.
             Was an Initiate of Qazlal.
             Killed from afar by an electric eel (8 damage)
             ... with a bolt of electricity
             ... on level 6 of the Dungeon on Feb 25, 2023.
             The game lasted 00:16:02 (5308 turns).

fleeber the Slasher (Merfolk Gladiator)             Turns: 5308, Time: 00:16:03

Health: -3/55      AC: 10    Str: 12 (14) XL:     7   Next: 56%
Magic:  7/7        EV: 13    Int:  5 (7)  God:    Qazlal [......]
Gold:   260        SH:  0    Dex: 17 (18) Spells: 6/6 levels left

rFire   . . .      SeeInvis .   a - +0 long sword
rCold   . . .      Faith    .   (no shield)
rNeg    + . .      Spirit   .   g - +0 ring mail
rPois   .          Reflect  .   c - +0 helmet
rElec   .          Harm     .   k - +0 cloak
rCorr   .          Rampage  .   b - +2 pair of gloves
Will    .....                   (no boots)
Stlth   +.........              (no amulet)
HPRegen 0.18/turn               j - ring of positive energy
MPRegen 0.10/turn               n - ring of flight

@: flying
A: (nimble swimmer 2), mertail
a: Renounce Religion


You were on level 6 of the Dungeon.
You worshipped Qazlal.
Qazlal was noncommittal.
You visited 1 branch of the dungeon, and saw 6 of its levels.

You collected 260 gold pieces.

Inventory:

Hand Weapons
 a - a +0 long sword (weapon)
Missiles
 d - 3 throwing nets
 e - a javelin (quivered)
 f - 15 poisoned darts
Armour
 b - a +2 pair of gloves (worn)
 c - a +0 helmet (worn)
 g - a +0 ring mail (worn)
 k - a +0 cloak (worn)
Jewellery
 j - a ring of positive energy (left hand)
 n - a ring of flight (right hand)
 r - a ring of positive energy
Scrolls
 i - a scroll of identify
 o - a scroll of summoning {unknown}
 p - a scroll of enchant armour {unknown}
 q - a scroll of immolation {unknown}
 s - a scroll of teleportation {unknown}
 t - a scroll of fear {unknown}
 v - 2 scrolls of poison
 x - a scroll of magic mapping {unknown}
 y - a scroll of butterflies
 B - a scroll of torment {unknown}
 D - a scroll of vulnerability {unknown}
Potions
 h - a potion of degeneration
 l - 2 potions of flight
 m - a potion of mutation {unknown}
 u - a potion of resistance {unknown}
 w - a potion of magic {unknown}
 z - a potion of heal wounds {unknown}
 A - a potion of invisibility {unknown}
 C - a potion of might {unknown}


   Skills:
 + Level 4.8 Fighting
 * Level 7.7 Long Blades
 - Level 2.0 Throwing
 + Level 6.6 Dodging


You had 6 spell levels left.
You didn't know any spells.
Your spell library contained the following spells:

 Spells                   Type           Power      Damage    Failure   Level
 Scorch                   Fire           0%         2d5       88%         2
 Dazzling Flash           Conj/Hex       0%         N/A       98%         3
 Ozocubu's Armour         Ice            0%         N/A       98%         3
 Flame Wave               Conj/Fire      0%         2d4       100%        4
 Iskenderun's Mystic Bla  Conj/Tloc      0%         2d3       100%        4
 Starburst                Conj/Fire      0%         6d3       100%        6
 Summon Cactus Giant      Summ           0%         N/A       100%        6
 Ozocubu's Refrigeration  Ice            0%         4d7       100%        7


Dungeon Overview and Level Annotations

Branches:
Dungeon (6/15)             Temple (0/1) D:4

Altars:
Dithmenos
Makhleb
Qazlal
Ru
Yredelemnul


Innate Abilities, Weirdness & Mutations

((You are very nimble when in or above water. (Stealth+, EV+, Speed+++)))
Your lower body shifts to a powerful aquatic tail in water.


Message History

You miss the water moccasin.
The water moccasin is moderately wounded.
The water moccasin bites you but does no damage.
The electric eel shoots out a bolt of lightning at you!
The bolt of electricity hits you.
You slash the water moccasin!
The water moccasin is severely wounded.
The water moccasin barely misses you. The water moccasin bites you.
You barely miss the water moccasin.
The water moccasin is severely wounded.
The water moccasin barely misses you.
The electric eel shoots out a bolt of lightning at you!
The bolt of electricity hits you!
* * * LOW HITPOINT WARNING * * *
You hit the water moccasin.
The water moccasin is almost dead.
The water moccasin barely misses you.
You closely miss the water moccasin.
The water moccasin is almost dead.
The water moccasin completely misses you.
The water moccasin closely misses you.
You slash the water moccasin!
You kill the water moccasin!
Qazlal accepts your kill.
You barely miss the electric eel. You hit the electric eel.
The electric eel is lightly wounded.
The electric eel shoots out a bolt of lightning at you!
The bolt of electricity hits you!
* * * LOW HITPOINT WARNING * * *
It was a potion of degeneration.
There was something very wrong with that liquid.
You feel weakened.
You feel dopey.
You feel clumsy.
The electric eel shoots out a bolt of lightning at you!
The bolt of electricity hits you but does no damage.
It was a potion of flight.
You feel more buoyant.
The electric eel shoots out a bolt of lightning at you!
The bolt of electricity hits you!
You die...

#############
#.....@.....#
#≈≈≈≈S≈≈≈≈#.###
#≈≈#######≈≈...#
≈ ##≈≈#.# ##≈≈.#
### ##≈.##
####..
#≈..###.....
#≈#..#......
#≈...##.....


You could see an electric eel.

Vanquished Creatures
  2 water moccasins
  A phantom (D:6)
  3 orc priests
  3 hounds (D:5)
  A jelly (D:5)
  2 orc wizards (D:5)
  2 adders
  3 dart slugs
  9 orcs
  7 bats
  4 endoplasms
  4 giant cockroaches
  7 goblins
  4 hobgoblins
  9 jackals
  8 kobolds
  2 quokkas
  7 ball pythons
  4 frilled lizards
  A jackal zombie (D:3)
  A quokka zombie (D:3)
  A rat (D:3)
85 creatures vanquished.

Vanquished Creatures (others)
  An orc (D:5)
1 creature vanquished.

Grand Total: 86 creatures vanquished

Notes
Turn   | Place    | Note
-------+----------+-------------------------------------------
     0 | D:1      | fleeber the Merfolk Gladiator began the quest for the Orb.
     0 | D:1      | Reached XP level 1. HP: 16/16 MP: 1/1
   284 | D:1      | Reached XP level 2. HP: 19/23 MP: 2/2
   383 | D:1      | Reached skill level 4 in Long Blades
   518 | D:1      | You fall into a shaft and drop 1 floor!
   956 | D:2      | Found a faded altar of an unknown god.
  1132 | D:2      | Reached XP level 3. HP: 22/28 MP: 3/3
  1873 | D:3      | Identified the +8 demon trident of Disgust {venom, rElec}
  2038 | D:3      | Found a shadowy altar of Dithmenos.
  2041 | D:3      | Reached XP level 4. HP: 28/34 MP: 4/4
  2207 | D:3      | Reached skill level 5 in Long Blades
  2620 | D:3      | Found a basalt altar of Yredelemnul.
  2686 | D:3      | Reached skill level 5 in Dodging
  2803 | D:4      | Found a stormy altar of Qazlal.
  2809 | D:4      | Became a worshipper of Qazlal Stormbringer
  2823 | D:4      | Reached XP level 5. HP: 41/41 MP: 5/5
  3358 | D:4      | Found a staircase to the Ecumenical Temple.
  3410 | D:5      | Entered Level 5 of the Dungeon
  3575 | D:5      | Noticed a water moccasin
  3609 | D:5      | Killed a water moccasin
  3610 | D:5      | Reached skill level 6 in Long Blades
  3610 | D:5      | Reached XP level 6. HP: 20/48 MP: 6/6
  3838 | D:5      | Found a burning altar of Makhleb.
  4516 | D:6      | Noticed an orc warrior
  4532 | D:5      | HP: 1/48 [acid (7)]
  4534 | D:5      | Reached skill level 7 in Long Blades
  4534 | D:5      | Reached XP level 7. HP: 2/55 MP: 7/7
  4847 | D:6      | Found a sacrificial altar of Ru.
  5308 | D:6      | Killed from afar by an electric eel

Illustrated notes

Levels and vault maps discovered:
D:1:      wander_arrival_peaceful_grave, layout_loops_ring,
          chequers_serial_rivers_large_a, minmay_pentomino_r2
D:2:      layout_loops_ring, nicolae_ecumenical_pavilion
D:3:      minmay_general_purpose_star, layout_rooms,
          lemuel_zombie_altar_yredelemnul, nicolae_dithmenos_the_darkroom,
          minivault_25
D:4:      layout_rooms, grunt_qazlal_clouds, minmay_temple_entry_fiery
D:5:      layout_rooms, makhleb_heckhound_becter, serial_glass, glass_columns_b,
          glass_columns_c, glass_columns_b, glass_columns_a, glass_columns_c,
          glass_columns_a, moated_statue
D:6:      layout_cave_pools, hangedman_ru_absence, nicolae_benzene_ring,
          water_maze_lemuel

Skill      XL: |  1  2  3  4  5  6 |
---------------+-------------------+-----
Long Blades    | 4 5 6 7 |  7.7
Fighting       | 3 4 |  4.8
Dodging        | 5 6 |  6.6
Throwing       | |  2.0

Action                   |  1- 3 |  4- 6 |  7- 9 || total
-------------------------+-------+-------+-------++-------
Melee: Long sword        |   112 |   127 |    31 ||   270
       Tailslap          |     2 |       |       ||     2
       Punch             |       |     1 |     2 ||     3
Throw: Javelin           |       |     1 |       ||     1
  Use: Potion            |       |     5 |     2 ||     7
       Scroll            |       |     3 |       ||     3
 Stab: Sleeping          |     2 |       |       ||     2
Armor: Leather armour    |    37 |    30 |     4 ||    71
       Ring mail         |       |       |     6 ||     6
Dodge: Dodged            |    95 |   105 |    25 ||   225
